 Dungeon Crawl Stone Soup version 0.29-a0-668-g12ee2bf84d (webtiles) character file.

Game seed: 17520229928237417584

1143 happo123 the Digger (level 8, -8/46 HPs)
             Began as a Gargoyle Earth Elementalist on June 23, 2022.
             Mangled by an ogre
             ... wielding a +0 giant spiked club
              (33 damage)
             ... on level 6 of the Dungeon.
             The game lasted 00:26:32 (3992 turns).

happo123 the Digger (Gargoyle Earth Elementalist)   Turns: 3992, Time: 00:26:35

Health: -8/46      AC: 10    Str: 11    XL:     8   Next: 37%
Magic:  10/13      EV: 12    Int: 19    God:
Gold:   249        SH:  0    Dex: 16    Spells: 3/13 levels left

rFire   . . .      SeeInvis .   q - +2 hand axe (elec)
rCold   . . .      Faith    .   (no shield)
rNeg    + . .      Spirit   .   t - +0 leather armour
rPois   ∞          Reflect  .   (no helmet)
rElec   +          Harm     .   (no cloak)
rCorr   .          Rampage  .   n - +0 pair of gloves
Will    .....                   (no boots)
Stlth   +++.......              (no amulet)
HPRegen 0.15/turn               u - +6 ring of dexterity
MPRegen 0.13/turn               (no ring)

@: no status effects
A: sickness immunity, AC +5, negative energy resistance 1, electricity
resistance, torment resistance 1, petrification resistance
a: no special abilities


You were on level 6 of the Dungeon.
You visited 1 branch of the dungeon, and saw 6 of its levels.

You collected 249 gold pieces.

Inventory:

Hand Weapons
 d - a +1 dagger of speed
 q - a +2 hand axe of electrocution (weapon)
Missiles
 y - 2 boomerangs of dispersal
Armour
 a - a +0 robe
 n - a +0 pair of gloves (worn)
 t - a +0 leather armour (worn)
 z - a +0 buckler
Jewellery
 u - a +6 ring of dexterity (left hand)
Scrolls
 c - a scroll of silence {unknown}
 e - 2 scrolls of enchant weapon {unknown}
 g - 4 scrolls of identify {unknown}
 j - a scroll of summoning {unknown}
 k - 2 scrolls of amnesia {unknown}
 l - 3 scrolls of teleportation {unknown}
 o - 2 scrolls of fog {unknown}
 p - a scroll of blinking {unknown}
 r - a scroll of noise {unknown}
Potions
 b - 2 potions of magic
 f - a potion of invisibility {unknown}
 h - a potion of curing {unknown}
 i - 4 potions of degeneration {unknown}
 m - 4 potions of brilliance {unknown}
 s - 2 potions of flight {unknown}
 v - a potion of attraction {unknown}
 w - 2 potions of might {unknown}
 x - a potion of lignification {unknown}


   Skills:
 + Level 3.2 Fighting
 + Level 3.1 Armour
 + Level 3.0 Dodging
 + Level 4.3 Stealth
 + Level 3.4 Spellcasting
 * Level 3.7 Transmutations
 * Level 6.5 Earth Magic


You had 3 spell levels left.
You knew the following spells:

 Your Spells              Type           Power      Damage    Failure   Level
a - Sandblast             Erth           56%        2d13      1%          1
b - Stone Arrow           Conj/Erth      30%        3d8       14%         3
c - Petrify               Tmut/Erth      22%        N/A       22%         4
d - Passwall              Tmut/Erth      18%        N/A       3%          2

Your spell library contained the following spells:

 Spells                   Type           Power      Damage    Failure   Level
 Poisonous Vapours        Pois/Air       6%         N/A       28%         2
 Static Discharge         Conj/Air       3%         N/A       28%         2
 Ignite Poison            Fire/Tmut/Pois 8%         N/A       32%         3
 Conjure Flame            Conj/Fire      3%         6-21      50%         3
 Borgnjor's Vile Clutch   Necr/Erth      7%         N/A       80%         5
 Animate Dead             Necr           3%         N/A       88%         4
 Corpse Rot               Necr/Pois/Air  3%         N/A       88%         4
 Sticky Flame             Conj/Fire      3%         2d3       88%         4
 Silence                  Hex/Air        1%         N/A       99%         5
 Death Channel            Necr           1%         N/A       100%        6
 Maxwell's Capacitive Co  Air            1%         ∞         100%        8


Dungeon Overview and Level Annotations

Branches:
Dungeon (6/15)
 Temple: D:4-7

Altars:
Hepliaklqana


Innate Abilities, Weirdness & Mutations

You are immune to sickness and miasma.
Your stone body is resilient. (AC +5)
You are immune to poison.
You resist negative energy. (rN+)
You are resistant to electric shocks. (rElec)
You are resistant to unholy torment.
You are immune to petrification.


Message History

Aiming: Sandblast (safe; 1% risk of failure)
Press: ? - help, Q - select action, (/) - cycle Shift-Dir - straight line, f/p - howler monkey
Aim: a howler monkey (catching its breath, 78% to hit)
The blast of sand hits the howler monkey!
The howler monkey is severely wounded.
The howler monkey hits you but does no damage.
The howler monkey hoots and howls with incredible vigour!
You hear a bark!
You hit the howler monkey.
The howler monkey is severely wounded.
The howler monkey hits you but does no damage.
Aiming: Sandblast (safe; 1% risk of failure)
Press: ? - help, Q - select action, (/) - cycle Shift-Dir - straight line, f/p - howler monkey
Aim: a howler monkey (severely wounded, catching its breath, 78% to hit)
The blast of sand hits the howler monkey.
You kill the howler monkey!
Your Dodging skill increases to level 3!
You see here an adder corpse.
Found a flail.
There is a stone staircase leading up here.
Found a scroll labelled JAFAEPR HOICAEF.
A hound comes into view.
You see here a +0 flail.
You see here a +0 flail.
An ogre comes into view. It is wielding a +0 giant spiked club.
Found 15 gold pieces and 7 stones.
The ogre shouts!
Aiming: Sandblast (safe; 1% risk of failure)
Press: ? - help, Q - select action, (/) - cycle Shift-Dir - straight line, f - ogre
Aim: an ogre, wielding a +0 giant spiked club (91% to hit)
The blast of sand misses the ogre.
The ogre closely misses you.
A phantom comes into view.
Aiming: Sandblast (safe; 1% risk of failure)
Press: ? - help, Q - select action, (/) - cycle Shift-Dir - straight line, p - ogre The blast of sand hits the ogre!
The ogre is moderately wounded.
The ogre hits you with a +0 giant spiked club!! x2
Ouch! That really hurt!
You die...

(# ### #. .... ##W#
.$#.# ##. #.######.#
#######O## ##.......#
#......@.###)########
#.#######.#.##
######..## #.....<##
#.###..# #.†# #..#
...##..#####
............##########


You could see an ogre and a phantom.

Vanquished Creatures
  The ghost of 2FriedEggs the Tainter, a novice OpVM of Hepliaklqana (D:5)
  Grinder (D:3)
  A water moccasin (D:5)
  A black bear (D:5)
  An ogre (D:5)
  Blork the orc (D:5)
  A scorpion (D:5)
  A howler monkey (D:6)
  2 hounds (D:5)
  An iguana (D:5)
  An orc wizard (D:5)
  7 adders
  An ufetubus (D:5)
  2 worms
  4 dart slugs
  13 orcs
  9 bats
  4 endoplasms
  2 giant cockroaches (D:2)
  9 goblins
  4 hobgoblins
  4 jackals (D:1)
  2 quokkas
  9 ball pythons
  4 frilled lizards
  8 kobolds
  7 rats
101 creatures vanquished.

Notes
Turn   | Place    | Note
-------+----------+-------------------------------------------
     0 | D:1      | happo123 the Gargoyle Earth Elementalist began the quest
                  | for the Orb.
     0 | D:1      | Reached XP level 1. HP: 10/10 MP: 3/3
    33 | D:1      | Got the Collected Works on Aerial Clay
   138 | D:1      | Reached skill level 1 in Transmutations
   138 | D:1      | Reached XP level 2. HP: 15/15 MP: 0/5
   313 | D:1      | Reached skill level 4 in Earth Magic
   320 | D:1      | Reached XP level 3. HP: 20/20 MP: 3/6
   324 | D:1      | Learned a level 3 spell: Stone Arrow
  1066 | D:2      | Reached skill level 1 in Armour
  1066 | D:2      | Reached XP level 4. HP: 20/24 MP: 2/7
  1254 | D:2      | Reached skill level 1 in Fighting
  1598 | D:3      | Noticed Grinder
  1599 | D:3      | Paralysed by Grinder for 4 turns
  1613 | D:3      | Killed Grinder
  1614 | D:3      | Reached XP level 5. HP: 9/30 MP: 0/9
  1614 | D:3      | Reached XP level 6. HP: 10/35 MP: 0/10
  1619 | D:3      | Learned a level 4 spell: Petrify
  1782 | D:3      | Found a faded altar of an unknown god.
  1795 | D:3      | Reached skill level 5 in Earth Magic
  2045 | D:3      | Found a hazy altar of Hepliaklqana.
  2825 | D:5      | Entered Level 5 of the Dungeon
  2900 | D:5      | Found a runed translucent door.
  2910 | D:5      | Noticed 2FriedEggs's ghost (novice OpVM)
  2922 | D:5      | Killed 2FriedEggs's ghost
  2923 | D:5      | Reached XP level 7. HP: 38/40 MP: 6/11
  3394 | D:5      | Reached skill level 6 in Earth Magic
  3538 | D:5      | Reached XP level 8. HP: 46/46 MP: 10/12
  3571 | D:5      | Noticed Blork the orc
  3574 | D:5      | Killed Blork the orc
  3780 | D:5      | Learned a level 2 spell: Passwall
  3992 | D:6      | Mangled by an ogre

Illustrated notes

Levels and vault maps discovered:
D:1:      matt_arrival_diagonals, layout_basic
D:2:      layout_loops_ring, minmay_hedge_maze, minmay_stone_trees_small,
          minmay_divided_ellipse
D:3:      layout_rooms, nicolae_hepliaklqana_hippocampus,
          hellmonk_ecumenical_altar_inner_sanctum, corexii_hall_statues_x,
          solitary_fountain, chequers_arboretum, uniq_grinder
D:4:      layout_gridville
D:5:      layout_gridville, ebering_ghost_reflecting_pool, item_on_display_a,
          uniq_blork_the_orc
D:6:      layout_loops_ring, uniq_edmund

Skill      XL: |  1  2  3  4  5  6  7  8 |
---------------+-------------------------+-----
Transmutations | 1 2 3 |  3.7
Earth Magic    | 4 5 6 |  6.5
Armour         | 1 2 3 |  3.1
Fighting       | 1 2 3 |  3.2
Dodging        | 2 3 |  3.0
Stealth        | 3 4 |  4.3
Spellcasting   | 3 |  3.4

Action                   |  1- 3 |  4- 6 |  7- 9 || total
-------------------------+-------+-------+-------++-------
Melee: Dagger            |    52 |    12 |       ||    64
       Hand axe          |       |    35 |    23 ||    58
 Cast: Sandblast         |    38 |    29 |    29 ||    96
       Stone Arrow       |     1 |     1 |     4 ||     6
 Stab: Sleeping          |     2 |     3 |       ||     5
Armor: Robe              |    24 |    11 |       ||    35
       Leather armour    |       |       |    25 ||    25
Dodge: Dodged            |    48 |    24 |    24 ||    96

Table legend: (Time is in decaauts)
 A = Elapsed time spent in this place.
 B = Non-inter-level travel time spent in this place.
 C = Inter-level travel time spent in this place.
 D = Time resting spent in this place.
 E = Time spent auto-exploring this place.
 F = Levels seen in this place.
 G = Mean time per level.
                   A        B        C        D        E       F      G
               +--------+--------+--------+--------+--------+-----+--------+
         Total |   4086 |   2778 |   1308 |    327 |   1614 |   6 |  681.0 |
       Dungeon |   4086 |   2778 |   1308 |    327 |   1614 |   6 |  681.0 |
               +--------+--------+--------+--------+--------+-----+--------+

Top non-repeatable levels by time:
     D:5: 1169 daAuts
     D:2: 920 daAuts
     D:1: 658 daAuts
     D:3: 656 daAuts
     D:4: 644 daAuts
     D:6: 37 daAuts
